 Dungeon Crawl Stone Soup version 0.27.1-34-g3ba077fa99 (webtiles) character file.

Game seed: 2538277558938412264

430 unlimited1921 the Magician (level 7, -1/48 HPs)
             Began as a Djinni Fire Elementalist on Jan 20, 2022.
             Was an Initiate of Cheibriados.
             Slain by a gnoll (2 damage)
             ... on level 5 of the Dungeon.
             The game lasted 00:36:47 (8254 turns).

unlimited1921 the Magician (DjFE)                   Turns: 8254, Time: 00:36:50

Health: -1/48      AC:  6    Str: 12    XL:     7   Next: 19%
Gold:   296        EV: 12    Int: 32    God:    Cheibriados [......] SH:  0 Dex: 14

rFire    + + .     SeeInvis .   i - +1 long sword (freeze)
rCold    . . .     Faith    +   (no shield)
rNeg     . . .     Spirit   .   b - +2 leather armour {rC+}
rPois    ∞         Reflect  .   (no helmet)
rElec    .         Harm     .   (no cloak)
rCorr    .         Rampage  .   n - +0 pair of gloves
Will     .....                  (boots unavailable)
Stlth    +.........             E - amulet "Qecobroz" {Faith Drain Str+4}
HPRegen  0.16/turn              h - +6 ring of intelligence
MPRegen  0.00/turn              k - +6 ring of intelligence

@: lit by a corona, flying, glowing, very slow
A: sickness immunity, fire resistance 2, cold vulnerability 1, float, innate
caster, hp casting, extra vitality 1
a: Renounce Religion, Bend Time


You were on level 5 of the Dungeon.
You worshipped Cheibriados.
Cheibriados was noncommittal.
You visited 1 branch of the dungeon, and saw 5 of its levels.

You collected 317 gold pieces.
You paid 21 gold pieces to Gozag.

Inventory:

Hand Weapons
 i - a +1 long sword of freezing (weapon)
 q - a +2 vorpal flail
 u - a +0 short sword
 y - a +0 hand axe of freezing
 D - a +0 hunting sling
Missiles
 a - 23 bolts
 c - 14 boomerangs
 g - 35 poisoned darts (quivered)
 p - 66 sling bullets
 s - 82 arrows
Armour
 b - a +2 leather armour of cold resistance (worn)
 n - a +0 pair of gloves (worn)
 v - a scarf of invisibility
Magical Staves
 x - a staff of poison
Jewellery
 h - a +6 ring of intelligence (left hand)
 k - a +6 ring of intelligence (right hand)
 E - the amulet "Qecobroz" (around neck) {Faith Drain Str+4}
   (You found it on level 4 of the Dungeon)

   [amulet of faith]

   It allows you to gain divine favour quickly.
   Str:       It affects your strength (+4).
   Drain:     It drains your maximum health when unequipped.
Scrolls
 d - a scroll of enchant armour {unknown}
 f - a scroll of enchant weapon
 l - a scroll of noise
 m - a scroll of teleportation
 o - a scroll of holy word
 r - a scroll of brand weapon
 B - a scroll of magic mapping
Potions
 e - a potion of lignification {unknown}
 j - 2 potions of curing {unknown}
 t - a potion of heal wounds {unknown}
 w - 2 potions of might {unknown}
 z - 2 potions of haste {unknown}
 A - a potion of mutation {unknown}
 C - a potion of cancellation {unknown}


   Skills:
 * Level 1.7 Fighting
 + Level 0.1 Armour
 * Level 3.3 Dodging
 + Level 2.4 Stealth
 * Level 5.0 Spellcasting


You couldn't memorise any spells.
You knew the following spells:

 Your Spells              Type           Power      Damage    Failure   Level
a - Foxfire               Conj/Fire      100%       2x1d9     1%          1
b - Conjure Flame         Conj/Fire      40%        6-21      2%          3
c - Inner Flame           Hex/Fire       40%        N/A       2%          3
d - Sticky Flame          Conj/Fire      40%        2d6       8%          4
e - Fireball              Conj/Fire      20%        3d10      22%         5
f - Sandblast             Erth           80%        2d17      1%          1
g - Blink                 Tloc           N/A        N/A       1%          2
h - Ozocubu's Armour      Ice            40%        N/A       2%          3
Your spell library was empty.

Dungeon Overview and Level Annotations

Branches:
Dungeon (5/15)             Temple (0/1) D:5

Altars:
Cheibriados
Dithmenos
Gozag
Qazlal
Sif Muna
Trog
The Shining One

Shops:
D:1 [   D:5 =


Innate Abilities, Weirdness & Mutations

You are immune to sickness and miasma.
You are immune to poison.
Your flesh is very heat resistant. (rF++)
You are vulnerable to cold. (rC-)
You float through the air rather than walking.
You learn spells naturally, not from books.
Your magical power is your life essence.
You have superior vitality. (+4 HP)


Message History

Unknown command.
Unknown command.
Press: ? - help, v - describe, . - travel
Here: a gnoll, wielding a +0 spear (almost dead)
The floor.
Unknown command.
The gnoll hits you from afar with a +0 spear.
Keep equipping yourself? [Y]es or [N]o only, please.
Keep equipping yourself?
Uppercase [Y]es or [N]o only, please.
Keep equipping yourself?
Uppercase [Y]es or [N]o only, please.
Keep equipping yourself? [Y]es or [N]o only, please.
Keep equipping yourself? [Y]es or [N]o only, please.
Keep equipping yourself?
You stop putting on your armour.
* * * LOW HITPOINT WARNING * * *
Unknown command.
Casting: Blink (safe; 1% risk of failure)
Confirm with . or Enter, or press ? or * to list all spells.
You conjure some foxfire!
* * * LOW HITPOINT WARNING * * *
The gnoll is no longer moving quickly.
You kill the gnoll!
The gnoll barely misses you.
The foxfire hits the gnoll.
The gnoll is lightly wounded.
The foxfire hits the gnoll.
The gnoll is heavily wounded.
Casting: Foxfire (safe; 1% risk of failure)
Confirm with . or Enter, or press ? or * to list all spells.
You conjure some foxfire!
* * * LOW HITPOINT WARNING * * *
The gnoll hits you from afar with a +0 spear.
* * * LOW HITPOINT WARNING * * *
The gnoll hits you with a +0 flail.
You die...

,*,,,* *,,,........# ,*,,>*
*,,,,.......* ,*,,,*
*,,,,,.g..g,* ,*****
*,,,,,,.gg,,* .# *******#'#*** .#
#.# .# #####.######## .#
#.v..........# .# #.v@#........#
.# #..g#........#
.#############g..##########
...........)).g##################
.........§..(..§.................
#################################
....................##
##############.###...#
##..........#


You could see 3 gnolls.

Vanquished Creatures
  An ogre (D:3)
  An orc priest (D:4)
  A gnoll shaman (D:5)
  A hound (D:4)
  An iguana (D:4)
  An orc wizard (D:3)
  5 adders
  6 gnolls
  3 dart slugs (D:4)
  8 orcs
  6 bats
  4 endoplasms
  11 giant cockroaches
  5 goblins
  9 hobgoblins
  3 jackals (D:3)
  6 quokkas
  5 ball pythons
  4 frilled lizards
  2 goblin zombies (D:4)
  7 kobolds
  8 rats
98 creatures vanquished.

Vanquished Creatures (others)
  351 foxfires
351 creatures vanquished.

Grand Total: 449 creatures vanquished

Notes
Turn   | Place    | Note
-------+----------+-------------------------------------------
     0 | D:1      | unlimited1921 the Djinni Fire Elementalist began the quest
                  | for the Orb.
     0 | D:1      | Reached XP level 1. HP: 15/15 MP: 0/0
    46 | D:1      | Reached XP level 2. HP: 13/21 MP: 0/0
   265 | D:1      | Found Natz's Antique Armour Boutique.
   660 | D:1      | Reached skill level 3 in Spellcasting
   709 | D:1      | Reached XP level 3. HP: 23/25 MP: 0/0
   709 | D:1      | Learned a level 1 spell: Sandblast
  2933 | D:2      | Reached XP level 4. HP: 29/31 MP: 0/0
  4960 | D:3      | Reached XP level 5. HP: 34/36 MP: 0/0
  4960 | D:3      | Learned a level 2 spell: Blink
  4991 | D:3      | Reached skill level 4 in Spellcasting
  5373 | D:3      | Found a faded altar of an unknown god.
  5399 | D:3      | Found a shadowy altar of Dithmenos.
  5400 | D:3      | Noticed an ogre
  5413 | D:3      | Killed an ogre
  5414 | D:3      | Reached skill level 1 in Fighting
  5414 | D:3      | Reached XP level 6. HP: 36/42 MP: 0/0
  5515 | D:3      | Found a stormy altar of Qazlal.
  5606 | D:3      | Found a glowing golden altar of the Shining One.
  6098 | D:3      | Found an opulent altar of Gozag.
  6103 | D:3      | Became a worshipper of Gozag Ym Sagoz the Greedy
  6653 | D:4      | Found a bloodstained altar of Trog.
  6763 | D:4      | Found a snail-covered altar of Cheibriados.
  7044 | D:4      | Reached XP level 7. HP: 43/47 MP: 0/0
  7044 | D:4      | Learned a level 3 spell: Ozocubu's Armour
  7456 | D:4      | Reached skill level 5 in Spellcasting
  7465 | D:4      | Identified the amulet "Qecobroz" {Faith Drain Str+4}
  7539 | D:4      | Fell from the grace of Gozag
  7539 | D:4      | Became a worshipper of Cheibriados the Contemplative
  7568 | D:5      | Entered Level 5 of the Dungeon
  7653 | D:5      | HP: 1/47 [wyvern zombie (2)]
  8029 | D:5      | Found Amiufioc's Jewellery Boutique.
  8254 | D:5      | HP: 1/48 [gnoll (1)]
  8254 | D:5      | Slain by a gnoll

Illustrated notes

Levels and vault maps discovered:
D:1:      lightli_arrival_quake, layout_loops_ring, serial_shops, shop,
          minmay_misc_feat_cross, minmay_tromino_mix6
D:2:      layout_rooms, supply_closet_lemuel
D:3:      layout_rooms, mainiacjoe_overflow_catwalk,
          nicolae_dithmenos_through_a_glass_darkly, old_standard_altar,
          mainiacjoe_overflow_swirl, hellmonk_ecumenical_altar_leap_of_faith,
          portal_sewer_entry_f
D:4:      layout_basic, kennysheep_slug_shrine, mainiacjoe_overflow_chevrons,
          enter_ossuary_4
D:5:      layout_basic, mainiacjoe_overflow_alcove_1, minmay_temple_entry_grid,
          small_statue_alley_b, minmay_shop_grid_forest

Skill      XL: |  1  2  3  4  5  6  7 |
---------------+----------------------+-----
Spellcasting   | 3 4 5 |  5.0
Stealth        | 2 |  2.4
Fighting       | 1 |  1.7
Dodging        | 3 |  3.3
Armour         | |  0.1

Action                   |  1- 3 |  4- 6 |  7- 9 || total
-------------------------+-------+-------+-------++-------
Melee: Long sword        |       |     1 |       ||     1
Throw: Dart              |       |       |     1 ||     1
 Cast: Foxfire           |    65 |   132 |    22 ||   219
       Inner Flame       |       |     5 |       ||     5
       Blink             |       |       |     3 ||     3
Invok: Bend Time         |       |       |     1 ||     1
  Use: Scroll            |       |     3 |     3 ||     6
Armor: Robe              |     2 |     1 |       ||     3
       Leather armour    |       |     1 |     7 ||     8
Dodge: Dodged            |     5 |     9 |    24 ||    38
       Rpst.: Long sword |     2 |       |     5 ||     7
